 Seeded DCSS version 0.30-a0-135-g630cfc4551 (webtiles) character file.

Game seed: 13334066227764254331 (custom seed)

488 SigmundSlayer the Geomancer (level 6, 0/32 HPs)
             Began as a Deep Elf Earth Elementalist on Sept 20, 2022.
             Was an Initiate of Ashenzari.
             Slain by a goblin
             ... wielding a +0 club
              (2 damage)
             ... on level 4 of the Dungeon.
             The game lasted 00:03:30 (3116 turns).

SigmundSlayer the Geomancer (DEEE)                  Turns: 3116, Time: 00:03:31

Health: 0/32       AC:  3    Str:  5    XL:     6   Next: 90%
Magic:  5/12       EV: 12    Int: 22    God:    Ashenzari [......]
Gold:   320        SH:  0    Dex: 15    Spells: 10/11 levels left

rFire   . . .      SeeInvis .    (no weapon)
rCold   . . .      Faith    .    (no shield)
rNeg    . . .      Spirit   .    a - +0 robe
rPois   .          Reflect  .    (no helmet)
rElec   .          Harm     .    (no cloak)
rCorr   .          Rampage  .    d - +0 pair of gloves
Will    .....                    (no boots)
Stlth   ++........               (no amulet)
HPRegen 0.10/turn                (no ring)
MPRegen 0.13/turn                (no ring)

@: no status effects
A: no striking features
a: Renounce Religion


You were on level 4 of the Dungeon.
You worshipped Ashenzari.
Ashenzari was noncommittal.
You visited 2 branches of the dungeon, and saw 5 of its levels.

You collected 320 gold pieces.

Inventory:

Armour
 a - a +0 robe (worn)
 d - a +0 pair of gloves (worn)
Scrolls
 c - 3 scrolls of identify {unknown}
 f - a scroll of enchant weapon {unknown}
 g - 3 scrolls of teleportation {unknown}
 m - a scroll of fear {unknown}
 n - a scroll of vulnerability {unknown}
 o - a scroll of torment {unknown}
 p - a scroll of summoning {unknown}
Potions
 b - 2 potions of magic
 e - a potion of cancellation {unknown}
 h - a potion of curing {unknown}
 j - a potion of mutation {unknown}
 k - a potion of haste {unknown}
 l - a potion of degeneration {unknown}
 q - a potion of ambrosia {unknown}


   Skills:
 - Level 2.4 Dodging
 - Level 2.4 Stealth
 - Level 3.0 Spellcasting
 - Level 1.1 Transmutations
 + Level 8.7 Earth Magic


You had 10 spell levels left.
You knew the following spells:

 Your Spells              Type           Power      Damage    Failure   Level
a - Sandblast             Erth           82%        2d17      1%          1

Your spell library contained the following spells:

 Spells                   Type           Power      Damage    Failure   Level
 Passwall                 Tmut/Erth      20%        N/A       2%          2
 Stone Arrow              Conj/Erth      44%        3d9       6%          3
 Foxfire                  Conj/Fire      12%        2x1d4     12%         1
 Summon Small Mammal      Summ           12%        N/A       12%         1
 Petrify                  Tmut/Erth      24%        N/A       17%         4
 Call Canine Familiar     Summ           3%         N/A       36%         3
 Inner Flame              Hex/Fire       3%         N/A       36%         3
 Kindle Blastsparks       Fire/Tloc/Air  6%         2d10      36%         3
 Summon Guardian Golem    Hex/Summ       3%         N/A       36%         3
 Flame Wave               Conj/Fire      3%         2d5       77%         4


Dungeon Overview and Level Annotations

Branches:
Dungeon (4/15)             Temple (1/1) D:4

Altars:
Ashenzari
Cheibriados
Elyvilon
Fedhas
Hepliaklqana
Kikubaaqudgha
Nemelex Xobeh
Okawaru
Ru
Sif Muna
Trog
Uskayaw
Wu Jian
Yredelemnul
Zin
The Shining One

Shops:
D:2 *


Message History

Aim: a goblin, wielding a +0 dagger (81% to hit)
The blast of sand hits the goblin!!
You kill the goblin!
The goblin hits you with a +0 club.
Aiming: Sandblast (safe; 1% risk of failure)
Press: ? - help, Q - select action Shift-Dir - straight line, f - goblin
Aim: a goblin, wielding a +1 dagger of speed (81% to hit)
The blast of sand hits the goblin!
You kill the goblin!
The goblin unwields a +0 dagger.
The goblin wields a +0 sling.
The goblin shoots a sling bullet.
The sling bullet misses you. The goblin hits you with a +0 club.
The ogre hits you with a +0 giant spiked club!!
Ouch! That really hurt!
* * * LOW HITPOINT WARNING * * *
The goblin hits you with a +0 club.
* * * LOW HITPOINT WARNING * * *
Aiming: Sandblast (safe; 1% risk of failure)
Press: ? - help, Q - select action Shift-Dir - straight line, f - ogre
Aim: an ogre, wielding a +0 giant spiked club (93% to hit)
The blast of sand hits the ogre!
The ogre is heavily wounded.
The goblin misses you. The ogre barely misses you.
Aiming: Sandblast (safe; 1% risk of failure)
Press: ? - help, Q - select action Shift-Dir - straight line, f/p - ogre
Aim: an ogre, wielding a +0 giant spiked club (heavily wounded, 93% to hit)
The blast of sand hits the ogre!
The ogre is almost dead.
The goblin hits you with a +0 club.
* * * LOW HITPOINT WARNING * * *
The goblin closely misses you. The ogre barely misses you.
Aiming: Sandblast (safe; 1% risk of failure)
Press: ? - help, Q - select action Shift-Dir - straight line, f/p - ogre
Aim: an ogre, wielding a +0 giant spiked club (almost dead, 93% to hit)
The blast of sand hits the ogre!!
You kill the ogre!
The goblin shoots a sling bullet.
The sling bullet hits you but does no damage.
The goblin hits you with a +0 club.
You die...

..###..##.....##..###.....#
........#.....#........#'########
......#................#........#
......'...#............#........#
......#...#............#........#
......#...#............#........#
......#...+#####.......#........#
......######.(g#.......###'##...#
####.†.....#.(g)@#+##.......#'###
...#.......#...#g...'.......#...#
...#.......#####....#.......#...#
...#...........#....#.......#...#
##.#...........###..#.......#####
##.##########....##########......
.......#....#....# #......
.......#....#....# #......
.......#....'....# #......


You could see 3 goblins.

Vanquished Creatures
  A black bear (D:4)
  An ogre (D:4)
  A phantom (D:4)
  A scorpion (D:4)
  2 jellies
  An orc priest (D:3)
  An iguana (D:4)
  Natasha (thrice) (D:2)
  A dart slug (D:3)
  4 orcs (D:3)
  4 bats
  4 endoplasms
  A giant cockroach (D:2)
  12 goblins
  2 hobgoblins
  4 quokkas
  8 ball pythons
  4 frilled lizards
  4 kobolds
  14 rats
73 creatures vanquished.

Notes
Turn   | Place    | Note
-------+----------+-------------------------------------------
     0 | D:1      | SigmundSlayer the Deep Elf Earth Elementalist began the
                  | quest for the Orb.
     0 | D:1      | Reached XP level 1. HP: 10/10 MP: 6/6
   696 | D:2      | Reached skill level 4 in Earth Magic
   696 | D:2      | Reached XP level 2. HP: 15/15 MP: 4/8
   764 | D:2      | Noticed Natasha
   768 | D:2      | Killed Natasha
   769 | D:2      | Reached XP level 3. HP: 19/19 MP: 3/9
   925 | D:2      | Reached skill level 5 in Earth Magic
   977 | D:2      | Found Atamim's General Store.
  1019 | D:2      | Noticed Natasha
  1027 | D:2      | Killed Natasha
  1028 | D:2      | Reached XP level 4. HP: 14/24 MP: 3/10
  1107 | D:2      | Noticed Natasha
  1110 | D:2      | Killed Natasha
  1495 | D:3      | Reached skill level 6 in Earth Magic
  1551 | D:3      | Found a white marble altar of Elyvilon.
  1587 | D:3      | Reached XP level 5. HP: 18/28 MP: 8/11
  1726 | D:3      | Found an ornate altar of the Wu Jian Council.
  2424 | D:4      | Reached skill level 7 in Earth Magic
  2646 | D:4      | Reached XP level 6. HP: 32/32 MP: 7/12
  2732 | D:4      | Reached skill level 8 in Earth Magic
  2785 | D:4      | Found a staircase to the Ecumenical Temple.
  2820 | Temple   | Entered the Ecumenical Temple
  3014 | Temple   | Became a worshipper of Ashenzari the Shackled
  3116 | D:4      | Slain by a goblin

Illustrated notes

Levels and vault maps discovered:
D:1:      dpeg_arrival_pits, layout_loops_ring
D:2:      layout_rooms, serial_shops, nicolae_shop_crystal,
          minmay_rat_gold_closets, uniq_natasha
D:3:      layout_basic, nicolae_elyvilon_peaceful_grove, old_standard_altar
D:4:      layout_gridville, minmay_temple_entry_waves, serial_park_tiny_pond,
          minmay_ogre_servants
Temple:   nicolae_temple_bog_church

Skill      XL: |  1  2  3  4  5  6 |
---------------+-------------------+-----
Earth Magic    | 4 5 6 7 8 |  8.7
Dodging        | |  2.4
Stealth        | |  2.4
Spellcasting   | |  3.0
Transmutations | |  1.1

Action                   |  1- 3 |  4- 6 || total
-------------------------+-------+-------++-------
 Cast: Sandblast         |    35 |    66 ||   101
Armor: Robe              |     2 |     2 ||     4
Dodge: Dodged            |    10 |    13 ||    23

Table legend: (Time is in decaauts)
 A = Elapsed time spent in this place.
 B = Non-inter-level travel time spent in this place.
 C = Inter-level travel time spent in this place.
 D = Time resting spent in this place.
 E = Time spent auto-exploring this place.
 F = Levels seen in this place.
 G = Mean time per level.
                   A        B        C        D        E       F      G
               +--------+--------+--------+--------+--------+-----+--------+
         Total |   3174 |   3030 |    144 |    415 |   2228 |   5 |  634.8 |
       Dungeon |   2953 |   2858 |     95 |    415 |   2068 |   4 |  738.2 |
        Temple |    221 |    173 |     48 |      0 |    160 |   1 |  221.0 |
               +--------+--------+--------+--------+--------+-----+--------+

Top non-repeatable levels by time:
     D:3: 976 daAuts
     D:2: 782 daAuts
     D:1: 697 daAuts
     D:4: 497 daAuts
  Temple: 221 daAuts
